[Event "Titled Tuesday Blitz January 10 Early 2023"]
[White "Ivanova, Karina"]
[Black "Kiseleva, Arina"]
[WhiteFideId "24139750"]
[BlackFideId "4164989"]
[WhiteElo "2085"]
[BlackElo "1962"]
[Result "1-0"]
[Round "09"]
[TimeControl "180+2"]
[Date "2023.01.10"]
[WhiteClock "0:00:11"]
[BlackClock "0:00:01"]

1. Nf3 d5 2. g3 c6 3. Bg2 Nd7 4. O-O e5 5. d3 Bd6 6. c4 Ne7 7. Nc3 O-O 8. cxd5 cxd5 9. Bd2 a6 10. Rc1 Nf6 11. Qb3 b5 12. a4 b4 13. Nd1 a5 14. Ne3 Be6 15. Ng5 Rc8 16. Nxe6 fxe6 17. Bh3 Qd7 18. Ng4 h5 19. Nxf6+ Rxf6 20. Rxc8+ Qxc8 21. Rc1 Qb7 22. Bg5 Rg6 23. Be3 Nf5 24. Bc5 Bxc5 25. Rxc5 Nd4 26. Qd1 Rf6 27. Bg2 Qf7 28. e3 Nf3+ 29. Kh1 h4 30. Rxa5 hxg3 31. fxg3 Nd2 32. Ra8+ Kh7 33. h3 Rf2 34. Qg4 Rf1+ 35. Kh2 Qf2 36. Qh5# 1-0


[Site "https://www.chess.com"]

[Event "Titled Tuesday Blitz January 10 Early 2023"]
[White "Deev, Andrei"]
[Black "Tarnowska, Aleksandra"]
[WhiteFideId "4102690"]
[BlackFideId "1180967"]
[WhiteElo "2390"]
[BlackElo "1835"]
[Result "1-0"]
[Round "09"]
[TimeControl "180+2"]
[Date "2023.01.10"]
[WhiteClock "0:01:12"]
[BlackClock "0:00:01"]

1. e4 c5 2. Nf3 e6 3. c3 d5 4. exd5 Qxd5 5. d4 Nf6 6. Be2 Be7 7. Na3 cxd4 8. Nb5 Na6 9. Nbxd4 O-O 10. O-O e5 11. Nb3 e4 12. Qxd5 Nxd5 13. Nfd4 Nc5 14. Re1 Nxb3 15. axb3 f5 16. Bc4 Rd8 17. Nb5 Be6 18. Rxa7 Rxa7 19. Nxa7 Ra8 20. Nb5 Ra1 21. Kf1 Kf7 22. Nd4 Nc7 23. Nxf5 Bxc4+ 24. bxc4 Bc5 25. b4 Bb6 26. Be3 1-0


[Site "https://www.chess.com"]

[Event "Titled Tuesday Blitz January 10 Early 2023"]
[White "Winkels, Marcel"]
[Black "Dilmukhametov, Artur"]
[WhiteFideId "1003887"]
[BlackFideId "24179922"]
[WhiteElo "1960"]
[BlackElo "2276"]
[Result "1-0"]
[Round "09"]
[TimeControl "180+2"]
[Date "2023.01.10"]
[WhiteClock "0:02:10"]
[BlackClock "0:02:09"]

1. d4 Nf6 2. Bg5 d5 3. e3 Nc6 4. Nf3 Bf5 5. Bd3 Bxd3 6. cxd3 e6 7. O-O Bd6 8. e4 dxe4 9. dxe4 Be7 10. Nc3 Qd7 11. Bxf6 Bxf6 12. d5 exd5 13. exd5 Ne7 14. Re1 O-O-O 15. Ne5 Bxe5 16. Rxe5 Qg4 17. Qxg4+ 1-0


[Site "https://www.chess.com"]

[Event "Titled Tuesday Blitz January 10 Early 2023"]
[White "Buraczewski, Rafal"]
[Black "Kuchava, Ana"]
[WhiteFideId "1155245"]
[BlackFideId "13605348"]
[WhiteElo "2123"]
[BlackElo "2101"]
[Result "0-1"]
[Round "09"]
[TimeControl "180+2"]
[Date "2023.01.10"]
[WhiteClock "0:00:40"]
[BlackClock "0:02:24"]

1. d4 d5 2. c4 e6 3. Nf3 Nf6 4. Nc3 Be7 5. e3 O-O 6. Qc2 b6 7. cxd5 Nxd5 8. Bd3 g6 9. a3 Bb7 10. O-O Nd7 11. e4 N5f6 12. Bh6 Re8 13. Rac1 c5 14. h3 Rc8 15. Qa4 cxd4 16. Nxd4 Nc5 17. Qxa7 Ra8 18. Nc6 Bxc6 19. Qxb6 Qxb6 0-1


[Site "https://www.chess.com"]

[Event "Titled Tuesday Blitz January 10 Early 2023"]
[White "Sailer, Mike"]
[Black "Vargas, Mauricio"]
[WhiteFideId "2012901"]
[BlackFideId "4404572"]
[WhiteElo "2109"]
[BlackElo "2035"]
[Result "1-0"]
[Round "09"]
[TimeControl "180+2"]
[Date "2023.01.10"]
[WhiteClock "0:01:24"]
[BlackClock "0:01:02"]

1. d4 d5 2. Bf4 h5 3. h3 Bf5 4. e3 e6 5. c4 g5 6. Bh2 c6 7. Nc3 Nd7 8. Qb3 b6 9. cxd5 exd5 10. Nf3 g4 11. Ne5 f6 12. Nxc6 Qc8 13. Qxd5 Ne7 14. Nxe7 Bxe7 15. Qxf5 a6 16. Qg6+ Kf8 17. Bf4 gxh3 18. Bh6+ Rxh6 19. Qxh6+ Kf7 20. Qxh5+ Ke6 21. Qd5# 1-0


[Site "https://www.chess.com"]

[Event "Titled Tuesday Blitz January 10 Early 2023"]
[White "Herman, Daniel"]
[Black "Necula, Iulian"]
[WhiteFideId "30935008"]
[BlackFideId "1232380"]
[WhiteElo "1956"]
[BlackElo "1851"]
[Result "0-1"]
[Round "09"]
[TimeControl "180+2"]
[Date "2023.01.10"]
[WhiteClock "0:00:05"]
[BlackClock "0:00:52"]

1. c4 f5 2. Nc3 Nf6 3. g3 g6 4. Bg2 Bg7 5. d4 O-O 6. Nh3 d6 7. Nf4 c6 8. d5 Qe8 9. O-O Bd7 10. Be3 Na6 11. Rb1 Ng4 12. Bd4 Ne5 13. b3 c5 14. Bxe5 dxe5 15. Ne6 Bxe6 16. dxe6 Rd8 17. Nd5 Nb4 18. e4 f4 19. Qe2 Nxd5 20. cxd5 b6 21. Rfc1 Rf6 22. g4 g5 23. b4 cxb4 24. Rxb4 Qf8 25. Bf3 h5 26. gxh5 g4 27. Bxg4 f3 28. Qd3 Bh6 29. Rc7 Qg7 30. h3 Rf4 31. Kf1 Rxg4 32. hxg4 Qxg4 33. Rb2 Qg2+ 34. Ke1 Qh1+ 35. Qf1 Qxh5 36. Qg1+ Kf8 37. Rbc2 Qh4 38. R2c4 Qf4 39. Rc2 Qxe4+ 40. Kd1 Qxd5+ 41. Ke1 Qd1# 0-1


[Site "https://www.chess.com"]

[Event "Titled Tuesday Blitz January 10 Early 2023"]
[White "Kaiyrbekov, Rustam"]
[Black "Souza, Gustavo Horokoski De"]
[WhiteFideId "13702424"]
[BlackFideId "2146584"]
[WhiteElo "2295"]
[BlackElo "1943"]
[Result "0-1"]
[Round "09"]
[TimeControl "180+2"]
[Date "2023.01.10"]
[WhiteClock "0:00:03"]
[BlackClock "0:00:15"]

1. c4 Nf6 2. Nc3 g6 3. e4 d6 4. d4 Bg7 5. f4 c5 6. e5 dxe5 7. fxe5 Nfd7 8. e6 fxe6 9. Qg4 Nf6 10. Qf4 Qxd4 11. Nf3 Qxf4 12. Bxf4 Nc6 13. Nb5 O-O 14. Be2 Ne4 15. Be3 b6 16. O-O Bxb2 17. Rad1 Bg7 18. Ng5 Nxg5 19. Bxg5 Nd4 20. Nxd4 Bxd4+ 21. Kh1 Rxf1+ 22. Rxf1 Bd7 23. Bxe7 Re8 24. Bd6 e5 25. Bf3 e4 26. Re1 exf3 27. Rxe8+ Bxe8 28. gxf3 Bf7 29. Bb8 Bxc4 30. Bxa7 b5 31. Kg2 Bxa2 32. Kf1 b4 33. Ke2 b3 34. Bxc5 b2 35. Bxd4 b1=Q 36. Ke3 Bc4 37. Kf4 Qd3 38. Ke5 Qe2+ 39. Kd6 Qxf3 40. Be5 Qd5+ 41. Ke7 Qxe5+ 42. Kd8 Bb5 43. Kc8 Qc5+ 44. Kb7 Qc6+ 45. Kb8 Ba6 46. h4 Qb7# 0-1


[Site "https://www.chess.com"]

[Event "Titled Tuesday Blitz January 10 Early 2023"]
[White "Nakamura, Hikaru"]
[Black "Sadhwani, Raunak"]
[WhiteFideId "2016192"]
[BlackFideId "35093487"]
[WhiteElo "2775"]
[BlackElo "2627"]
[Result "1/2-1/2"]
[Round "10"]
[TimeControl "180+2"]
[Date "2023.01.10"]
[WhiteClock "0:01:05"]
[BlackClock "0:01:47"]

1. e4 e5 2. Nf3 Nc6 3. Bb5 Nf6 4. d3 Bc5 5. Bxc6 dxc6 6. Nbd2 Be6 7. O-O Bd6 8. b3 O-O 9. Nc4 Nd7 10. Bb2 Bxc4 11. bxc4 Qe7 12. a4 b6 13. g3 a6 14. Nh4 g6 15. Qg4 h5 16. Qe2 b5 17. cxb5 axb5 18. axb5 cxb5 19. d4 exd4 20. Bxd4 Be5 21. Bxe5 Qxe5 22. Rxa8 Rxa8 23. Nf3 Qe7 24. Nd4 b4 25. Qb5 Rb8 26. Nc6 1/2-1/2


[Site "https://www.chess.com"]

[Event "Titled Tuesday Blitz January 10 Early 2023"]
[White "Dubov, Daniil"]
[Black "Andreikin, Dmitry"]
[WhiteFideId "24126055"]
[BlackFideId "4158814"]
[WhiteElo "2708"]
[BlackElo "2729"]
[Result "1-0"]
[Round "10"]
[TimeControl "180+2"]
[Date "2023.01.10"]
[WhiteClock "0:00:07"]
[BlackClock "0:00:01"]

1. d4 d5 2. Nf3 Nf6 3. c4 e6 4. Nc3 a6 5. g3 dxc4 6. Bg2 c5 7. O-O cxd4 8. Nxd4 Be7 9. Qa4+ Nbd7 10. Rd1 O-O 11. Qxc4 Qb6 12. Nb3 Ne5 13. Qf4 Ng6 14. Qe3 Qc7 15. Na4 Bd7 16. Nb6 Rad8 17. Nxd7 Rxd7 18. Bd2 Nd5 19. Qe4 Rfd8 20. Rac1 Qb8 21. Qb1 h5 22. Ba5 b6 23. Be1 Bf6 24. h4 Ne5 25. Nd4 Ne7 26. Nf3 g6 27. Rxd7 Rxd7 28. Nxe5 Bxe5 29. b3 Kg7 30. Qc2 Nf5 31. e3 Qd8 32. Qe2 a5 33. Bf3 Qe7 34. Rb1 Qf6 35. Rc1 Ne7 36. b4 axb4 37. Bxb4 Nd5 38. Be1 Ne7 39. Kg2 Nd5 40. Qb5 Rd8 41. Bxd5 Rxd5 42. Qxb6 Qf5 43. Qb1 Rd3 44. Rd1 Rxd1 45. Qxd1 Qe4+ 46. Kg1 g5 47. hxg5 h4 48. gxh4 Qf5 49. f4 Bc7 50. Kg2 Qe4+ 51. Qf3 Qc2+ 52. Qf2 Qe4+ 53. Kg1 Bb6 54. Bc3+ Kg6 55. Bd4 Bc7 56. Kh2 Kh5 57. Kg3 Qb1 58. Qf3+ Kg6 59. h5+ Kf5 60. e4+ Qxe4 61. Qg4# 1-0


[Site "https://www.chess.com"]

[Event "Titled Tuesday Blitz January 10 Early 2023"]
[White "Duda, Jan-Krzysztof"]
[Black "Nepomniachtchi, Ian"]
[WhiteFideId "1170546"]
[BlackFideId "4168119"]
[WhiteElo "2724"]
[BlackElo "2794"]
[Result "1-0"]
[Round "10"]
[TimeControl "180+2"]
[Date "2023.01.10"]
[WhiteClock "0:00:04"]
[BlackClock "0:00:08"]

1. d4 Nf6 2. Bg5 d5 3. Bxf6 gxf6 4. c4 c5 5. cxd5 Qxd5 6. Nf3 cxd4 7. Nc3 Qa5 8. Nxd4 Bg7 9. Rc1 O-O 10. Nb3 Qd8 11. g3 Bd7 12. Bg2 Bc6 13. O-O Bxg2 14. Kxg2 Nc6 15. Nc5 b6 16. Qa4 Qe8 17. Nd5 bxc5 18. Nc7 Qd7 19. Nxa8 Qb7 20. Qe4 f5 21. Qf3 Qxa8 22. Rxc5 Nd4 23. Qxa8 Rxa8 24. Rfc1 Bf6 25. Rc8+ Rxc8 26. Rxc8+ Kg7 27. e3 Nb5 28. b4 Na3 29. Rc5 e6 30. Ra5 Nc4 31. Rxa7 Bd8 32. a4 Kf8 33. a5 Ke8 34. Rb7 Nxa5 35. bxa5 Bxa5 36. Rb8+ Bd8 37. Kf3 Ke7 38. Ra8 Kd7 39. Kf4 Bf6 40. Ra7+ Ke8 41. e4 fxe4 42. Kxe4 Kf8 43. f4 Kg7 44. g4 h6 45. Ra5 Bh4 46. Ra6 Be1 47. Kf3 Bd2 48. h4 Be1 49. h5 Bd2 50. Ke4 Bc1 51. Rc6 Bd2 52. f5 exf5+ 53. gxf5 Bg5 54. Ke5 Bh4 55. f6+ Kg8 56. Rc8+ Kh7 57. Kf5 Bxf6 58. Rc7 Kg7 59. Rc2 Bg5 60. Rg2 Kh7 61. Rg1 Kg7 62. Rd1 Kh7 63. Rf1 Kg7 64. Ke5 Kg8 65. Kd6 Kg7 66. Kd7 Kf8 67. Re1 Bh4 68. Re4 Bg5 69. Re5 Bf6 70. Re8+ Kg7 71. Re2 Kf8 72. Ra2 Bg5 73. Ra8+ Kg7 74. Ke8 Kf6 75. Ra6+ Kg7 76. Ra7 Kf6 77. Rxf7+ Ke6 78. Kf8 Bc1 79. Kg7 Bd2 80. Kg6 Bc1 81. Rf1 Bd2 82. Rd1 Bf4 83. Re1+ Kd7 84. Kf6 Bg5+ 85. Kf5 Kd8 86. Re6 Kd7 87. Re4 Kd8 88. Kg6 Kd7 89. Re5 Bf4 90. Rf5 Bc1 91. Kf7 Be3 92. Rd5+ Kc6 93. Ke6 Bc1 94. Rd1 Be3 95. Rd3 Bf4 96. Rc3+ Kb5 97. Kf7 Bd2 98. Rc2 Be3 99. Kg6 Kb6 100. Rc8 Kb7 101. Rh8 Kc7 102. Rxh6 Kd7 103. Rh8 Ke7 104. Rg8 Bd4 105. h6 1-0


[Site "https://www.chess.com"]

[Event "Titled Tuesday Blitz January 10 Early 2023"]
[White "Salem, A.R. Saleh"]
[Black "Sarana, Alexey"]
[WhiteFideId "9301348"]
[BlackFideId "24133795"]
[WhiteElo "2677"]
[BlackElo "2685"]
[Result "1/2-1/2"]
[Round "10"]
[TimeControl "180+2"]
[Date "2023.01.10"]
[WhiteClock "0:00:07"]
[BlackClock "0:00:08"]

1. d4 Nf6 2. c4 e6 3. Nc3 d5 4. cxd5 exd5 5. Bg5 c6 6. e3 Bf5 7. Qb3 Qb6 8. Bxf6 gxf6 9. Kd2 Nd7 10. Bd3 Bg6 11. Nf3 Bd6 12. Nh4 Qxb3 13. axb3 Rg8 14. g3 Nb6 15. Ne2 Nc8 16. Kc2 Bc7 17. b4 Nd6 18. Nc3 a6 19. Nxg6 hxg6 20. b5 cxb5 21. Nxd5 Bd8 22. g4 Kd7 23. Kd2 f5 24. gxf5 gxf5 25. Ke2 Rh8 26. Rag1 Ke6 27. Nf4+ Kd7 28. Kf3 Rc8 29. h3 b4 30. Rg7 a5 31. Ra1 b5 32. b3 Rc3 33. Rb1 Rh4 34. Ke2 Bf6 35. Rg8 Bxd4 36. Nd5 Rc5 37. Nb6+ Kc7 38. Na8+ Kb7 39. exd4 Rxd4 40. Rd1 Re5+ 41. Kf3 a4 42. h4 axb3 43. h5 b2 44. Rgg1 Rh4 45. Rh1 Rxh1 46. Rxh1 Rc5 47. h6 Rc1 48. Rh4 f6 49. h7 Nf7 50. Rxb4 Kxa8 51. Rxb2 Rh1 52. Bxf5 Nd6 53. Bg6 Kb7 54. Rc2 Rh6 55. Kf4 b4 56. f3 Kb6 57. Kg4 Rh1 58. f4 Rh6 59. f5 Ne4 60. Rc4 Ng5 61. Rxb4+ Kc7 62. Rd4 Nxh7 63. Bxh7 Rxh7 64. Re4 Kd7 65. Re6 Rh6 66. Kf4 Kd8 67. Kg3 Kc7 68. Kg4 Kd7 69. Kf4 Rh4+ 70. Kf3 Rh1 71. Rxf6 Rf1+ 72. Kg4 Ke7 73. Ra6 Kf7 74. Ra7+ Kf6 75. Ra6+ Kf7 76. Ra7+ Kf6 77. Ra6+ Kf7 1/2-1/2


[Site "https://www.chess.com"]

[Event "Titled Tuesday Blitz January 10 Early 2023"]
[White "Anton Guijarro, David"]
[Black "Chigaev, Maksim"]
[WhiteFideId "2285525"]
[BlackFideId "4108116"]
[WhiteElo "2690"]
[BlackElo "2628"]
[Result "1/2-1/2"]
[Round "10"]
[TimeControl "180+2"]
[Date "2023.01.10"]
[WhiteClock "0:00:28"]
[BlackClock "0:00:24"]

1. Nf3 Nf6 2. b3 g6 3. Bb2 d5 4. c4 c6 5. g3 Bg7 6. Bg2 O-O 7. O-O Re8 8. d4 Bf5 9. Nc3 Ne4 10. Nh4 Nxc3 11. Bxc3 Bg4 12. f3 Bc8 13. f4 dxc4 14. bxc4 c5 15. Nf3 Nc6 16. Ne5 cxd4 17. Bxc6 bxc6 18. Qxd4 Qxd4+ 19. Bxd4 Be6 20. Rfc1 Bxe5 21. fxe5 a5 22. Rab1 Rab8 23. Rb6 Rxb6 24. Bxb6 a4 25. a3 Rb8 26. c5 Rb7 27. Rd1 Rd7 28. Rxd7 Bxd7 1/2-1/2


[Site "https://www.chess.com"]

[Event "Titled Tuesday Blitz January 10 Early 2023"]
[White "Bacrot, Etienne"]
[Black "Tomashevsky, Evgeny"]
[WhiteFideId "605506"]
[BlackFideId "4147235"]
[WhiteElo "2667"]
[BlackElo "2694"]
[Result "0-1"]
[Round "10"]
[TimeControl "180+2"]
[Date "2023.01.10"]
[WhiteClock "0:00:01"]
[BlackClock "0:00:05"]

1. d4 Nf6 2. Nf3 e6 3. c4 d5 4. Nc3 Be7 5. Bf4 O-O 6. e3 Nbd7 7. Be2 dxc4 8. a4 Nd5 9. Bxc4 Nxf4 10. exf4 c5 11. O-O Nb6 12. Be2 cxd4 13. Nxd4 Bf6 14. Ndb5 a6 15. Qxd8 Rxd8 16. Nc7 Rb8 17. a5 Nd7 18. Ne4 Be7 19. Rfd1 Kf8 20. b4 Nf6 21. Nxf6 Bxf6 22. b5 axb5 23. Nxb5 Bd7 24. Rab1 Bc6 25. Nd6 Be7 26. Nc4 g6 27. Ne5 Rxd1+ 28. Rxd1 Be8 29. Bf3 Ra8 30. Ra1 Ra7 31. Rb1 Rxa5 32. Bxb7 g5 33. Nc4 Rc5 34. Nb6 gxf4 35. g3 Bf6 36. gxf4 Bd4 37. Rd1 Bf6 38. Nd7+ Bxd7 39. Rxd7 Rf5 40. Be4 Rxf4 41. Bxh7 Bd4 42. Kg2 Bxf2 43. Rd3 Bh4 44. Rf3 Rd4 45. Bg6 f6 46. Kh3 Kg7 47. Bh5 Bg5 48. Be8 f5 49. Bc6 Kf6 50. Kg2 e5 51. Rb3 Rd2+ 52. Kf1 e4 53. Rb5 Bh4 54. Bb7 Rxh2 55. Bc8 Rf2+ 56. Kg1 Kg5 0-1


[Site "https://www.chess.com"]

[Event "Titled Tuesday Blitz January 10 Early 2023"]
[White "Kosakowski, Jakub"]
[Black "Bachmann, Axel"]
[WhiteFideId "1185080"]
[BlackFideId "3700488"]
[WhiteElo "2485"]
[BlackElo "2604"]
[Result "1-0"]
[Round "10"]
[TimeControl "180+2"]
[Date "2023.01.10"]
[WhiteClock "0:00:36"]
[BlackClock "0:00:09"]

1. e4 c6 2. Nf3 d5 3. Nc3 Bg4 4. h3 Bxf3 5. Qxf3 e6 6. Be2 Nf6 7. O-O Nbd7 8. d4 dxe4 9. Nxe4 Nxe4 10. Qxe4 Nf6 11. Qd3 Qb6 12. c3 Be7 13. Bd1 O-O 14. Bc2 Rad8 15. Bg5 g6 16. Bb3 Rfe8 17. Qf3 Nd5 18. h4 Bxg5 19. hxg5 c5 20. dxc5 Qxc5 21. Rad1 b5 22. Rfe1 Nc7 23. Qf6 Rxd1 24. Rxd1 Qe7 25. Rd4 a6 26. g3 Qxf6 27. gxf6 Rc8 28. Rd6 Ne8 29. Rxa6 Nxf6 30. Rb6 Rc5 31. Bc2 Rd5 32. Bb3 Rd2 33. Rxb5 Rxb2 34. a4 Ne4 35. Bc4 Rc2 36. a5 Rxc3 37. a6 Ra3 38. Kg2 Nd6 39. Rb8+ Kg7 40. Be2 Ra2 41. Rd8 Rxe2 42. a7 Ra2 43. a8=Q Rxa8 44. Rxa8 h5 45. Ra6 Nf5 46. Ra5 Kf6 47. Ra7 Ne7 48. Rb7 Nd5 49. Kf3 g5 50. Kg2 Kg6 51. Ra7 f6 52. Rb7 Kf5 53. Rh7 Kg6 54. Ra7 Nc3 55. Ra6 e5 56. Ra8 Nd5 57. Rd8 Ne7 58. Kf3 Nf5 59. Ke4 h4 60. gxh4 Nxh4 61. Rh8 Nf5 62. Rg8+ Kf7 63. Kxf5 Kxg8 64. Kxf6 g4 65. Kxe5 1-0


[Site "https://www.chess.com"]

[Event "Titled Tuesday Blitz January 10 Early 2023"]
[White "Keymer, Vincent"]
[Black "Galchenko, Matvey"]
[WhiteFideId "12940690"]
[BlackFideId "24175480"]
[WhiteElo "2700"]
[BlackElo "2438"]
[Result "1-0"]
[Round "10"]
[TimeControl "180+2"]
[Date "2023.01.10"]
[WhiteClock "0:01:12"]
[BlackClock "0:01:10"]

1. Nf3 c5 2. c4 g6 3. e4 Bg7 4. d4 cxd4 5. Nxd4 Nc6 6. Be3 Nf6 7. Nc3 O-O 8. Be2 d6 9. O-O Bd7 10. Nc2 Qa5 11. Qd2 Rfc8 12. h3 Ne5 13. b3 a6 14. a4 Qd8 15. a5 Bc6 16. f3 Nh5 17. f4 Nd7 18. Bxh5 gxh5 19. Bd4 Nf6 20. Qd3 e5 21. Bb6 Qe7 22. f5 Nd7 23. Ne3 Nxb6 24. axb6 Qg5 25. Ned5 Kh8 26. f6 Bh6 27. Rf5 Qd2 28. Rd1 Qxd3 29. Rxd3 Bxd5 30. Nxd5 a5 31. Rxh5 Bc1 32. Nc7 Rab8 33. Rxd6 Be3+ 34. Kh2 Bxb6 35. Rxb6 Rxc7 36. Rxe5 Rc6 37. Rxc6 bxc6 38. Rxa5 h6 39. Rc5 Rxb3 40. Rxc6 Re3 41. Rc8+ Kh7 42. Re8 Kg6 43. e5 Rc3 44. g4 Rxc4 45. Rg8+ Kh7 46. Rg7+ Kh8 47. Rxf7 h5 48. g5 1-0


[Site "https://www.chess.com"]

[Event "Titled Tuesday Blitz January 10 Early 2023"]
[White "Gareyev, Timur"]
[Black "Dominguez Perez, Leinier"]
[WhiteFideId "14200937"]
[BlackFideId "3503240"]
[WhiteElo "2617"]
[BlackElo "2739"]
[Result "0-1"]
[Round "10"]
[TimeControl "180+2"]
[Date "2023.01.10"]
[WhiteClock "0:00:02"]
[BlackClock "0:00:04"]

1. d4 d5 2. c4 dxc4 3. Nf3 c6 4. e3 Be6 5. a4 Nf6 6. Nbd2 c5 7. Ng5 Bg4 8. Ndf3 Nc6 9. Bxc4 e6 10. h3 Bxf3 11. Qxf3 cxd4 12. O-O Be7 13. Rd1 O-O 14. exd4 Nd5 15. Qh5 Bxg5 16. Bxg5 Qd7 17. Ra3 Nce7 18. Rg3 Nf5 19. Rf3 h6 20. Bc1 Nf6 21. Rxf5 Nxh5 22. Rxh5 Rac8 23. Bb3 Rfd8 24. Be3 Qc7 25. d5 exd5 26. Bxd5 Rd7 27. Rd4 Rcd8 28. Rf5 Kh8 29. b3 f6 30. h4 Qc2 31. g4 Qxf5 32. gxf5 Rxd5 33. Rf4 a6 34. Kg2 R8d7 35. h5 Kh7 36. Kg3 Re5 37. Kg4 Red5 38. Rb4 Rd3 39. Rb6 Kg8 40. Bf4 Kf7 41. f3 R3d5 42. b4 Rd4 43. b5 a5 44. Re6 Rxa4 45. b6 Rb4 0-1


[Site "https://www.chess.com"]

[Event "Titled Tuesday Blitz January 10 Early 2023"]
[White "Preotu, Razvan"]
[Black "Xu, Yi"]
[WhiteFideId "2613280"]
[BlackFideId "8605564"]
[WhiteElo "2475"]
[BlackElo "2527"]
[Result "0-1"]
[Round "10"]
[TimeControl "180+2"]
[Date "2023.01.10"]
[WhiteClock "0:01:09"]
[BlackClock "0:00:56"]

1. e4 c5 2. Nf3 d6 3. d4 cxd4 4. Nxd4 Nf6 5. Nc3 a6 6. Rg1 h5 7. h3 g6 8. Be3 Nc6 9. f4 Bg7 10. Qf3 Bd7 11. O-O-O Rc8 12. e5 dxe5 13. Nxc6 bxc6 14. fxe5 Nd5 15. Nxd5 cxd5 16. Rxd5 O-O 17. Qd1 Rc7 18. Bb6 Rxc2+ 19. Kxc2 Bf5+ 20. Bd3 Qxd5 21. Bxf5 Qxe5 0-1


[Site "https://www.chess.com"]

[Event "Titled Tuesday Blitz January 10 Early 2023"]
[White "Fernandez Guillen, Ernesto J."]
[Black "Moroni, Luca Jr"]
[WhiteFideId "3512428"]
[BlackFideId "865834"]
[WhiteElo "2477"]
[BlackElo "2535"]
[Result "0-1"]
[Round "10"]
[TimeControl "180+2"]
[Date "2023.01.10"]
[WhiteClock "0:00:04"]
[BlackClock "0:00:04"]

1. e4 d6 2. d4 e5 3. dxe5 dxe5 4. Qxd8+ Kxd8 5. Nc3 c6 6. Be3 Kc7 7. O-O-O Be6 8. a3 f6 9. f3 Nd7 10. g3 b5 11. Bh3 Bxh3 12. Nxh3 Ne7 13. b3 Nc8 14. Kb2 a5 15. a4 Bb4 16. axb5 Bxc3+ 17. Kxc3 cxb5 18. Kb2 Ncb6 19. Rd3 a4 20. Rhd1 Rhc8 21. f4 Rab8 22. Bxb6+ Nxb6 23. fxe5 fxe5 24. Ng5 Ra8 25. Ne6+ Kb7 26. R1d2 a3+ 27. Ka2 b4 28. Nxg7 Rc6 29. Rd6 Rc3 30. R6d3 Rac8 31. Rxc3 Rxc3 32. Ne6 Kc6 33. Kb1 Rf3 34. Ka2 Rf1 35. h4 Nc8 36. Nd8+ Kc7 37. Ne6+ Kc6 38. Rd5 Na7 39. Ra5 Nb5 40. Rxb5 Kxb5 41. Nc7+ Kc5 42. Nd5 Rf2 43. Kb1 Rf1+ 44. Ka2 Rc1 45. c4 Rc2+ 46. Kb1 Rb2+ 47. Ka1 Rxb3 48. Ne7 Rxg3 49. Nf5 Rg2 50. Ne3 Re2 51. Nd5 b3 0-1


[Site "https://www.chess.com"]

[Event "Titled Tuesday Blitz January 10 Early 2023"]
[White "Rakhmatullaev, Almas"]
[Black "Kravtsiv, Martyn"]
[WhiteFideId "14205793"]
[BlackFideId "14113147"]
[WhiteElo "2275"]
[BlackElo "2598"]
[Result "0-1"]
[Round "10"]
[TimeControl "180+2"]
[Date "2023.01.10"]
[WhiteClock "0:00:01"]
[BlackClock "0:00:57"]

1. e4 e5 2. Nf3 Nc6 3. d4 exd4 4. Nxd4 Nf6 5. Nc3 Bb4 6. Nxc6 bxc6 7. Qd4 c5 8. Qe5+ Kf8 9. Bd2 d6 10. Qg3 h5 11. a3 h4 12. Qd3 Ba5 13. O-O-O Qe8 14. f3 Rb8 15. Bf4 Kg8 16. Be2 Nh5 17. Bd2 Qe5 18. Qe3 Nf6 19. Rde1 Be6 20. f4 Qd4 21. Bf3 h3 22. g3 Bg4 23. e5 Qxe3 24. Rxe3 Bxf3 25. Rxf3 Ng4 26. exd6 cxd6 27. Nb1 Bc7 28. c4 Kh7 29. Nc3 Ba5 30. Kc2 Rhe8 31. f5 Bxc3 32. Bxc3 Re2+ 33. Kd3 Rf2 34. Rf1 Rxh2 35. Rf4 Ne5+ 0-1


[Site "https://www.chess.com"]

[Event "Titled Tuesday Blitz January 10 Early 2023"]
[White "Najdin, Danil"]
[Black "Svane, Frederik"]
[WhiteFideId "4172426"]
[BlackFideId "12923044"]
[WhiteElo "2235"]
[BlackElo "2600"]
[Result "0-1"]
[Round "10"]
[TimeControl "180+2"]
[Date "2023.01.10"]
[WhiteClock "0:00:32"]
[BlackClock "0:00:43"]

1. e4 c5 2. Nf3 d6 3. d4 cxd4 4. Nxd4 Nf6 5. Nc3 Nc6 6. Be3 Ng4 7. Bg5 Qb6 8. Bb5 Bd7 9. Bxc6 bxc6 10. O-O h6 11. Bh4 g5 12. Bg3 Bg7 13. Nb3 h5 14. h3 h4 15. Bh2 Nxh2 16. Kxh2 Be5+ 17. Kh1 a5 18. Rb1 Be6 19. Nd2 Rb8 20. Nf3 f6 21. Ne2 Bxa2 22. Ra1 Qxb2 23. Nxe5 dxe5 24. Qd2 Kf7 25. Nc3 Rhd8 26. Qe3 Bc4 27. Rfb1 Qxc2 28. Rxb8 Rxb8 29. Rxa5 Rb3 0-1


[Site "https://www.chess.com"]

[Event "Titled Tuesday Blitz January 10 Early 2023"]
[White "Ter-Sahakyan, Samvel"]
[Black "Pranav, V"]
[WhiteFideId "13302531"]
[BlackFideId "25060783"]
[WhiteElo "2617"]
[BlackElo "2597"]
[Result "0-1"]
[Round "10"]
[TimeControl "180+2"]
[Date "2023.01.10"]
[WhiteClock "0:01:10"]
[BlackClock "0:02:08"]

1. d4 Nf6 2. c4 e6 3. Nf3 b6 4. g3 Ba6 5. b3 Bb7 6. Bg2 Bb4+ 7. Bd2 a5 8. O-O Bxd2 9. Qxd2 O-O 10. Nc3 d6 11. Qc2 Nbd7 12. e4 e5 13. Rad1 Qe7 14. Rfe1 c6 15. h3 Rfe8 16. a3 g6 17. Qb2 c5 18. d5 Nf8 19. Re2 Bc8 20. Ne1 Nh5 21. Nd3 Bd7 22. Kh2 f5 23. f4 exf4 24. gxf4 Qh4 25. Rf2 fxe4 26. Nxe4 Rxe4 27. Bxe4 Qxh3+ 28. Kg1 Qg4+ 0-1


[Site "https://www.chess.com"]

[Event "Titled Tuesday Blitz January 10 Early 2023"]
[White "Svane, Rasmus"]
[Black "Makarian, Rudik"]
[WhiteFideId "4657101"]
[BlackFideId "44105681"]
[WhiteElo "2623"]
[BlackElo "2545"]
[Result "1-0"]
[Round "10"]
[TimeControl "180+2"]
[Date "2023.01.10"]
[WhiteClock "0:00:03"]
[BlackClock "0:00:04"]

1. Nf3 Nf6 2. g3 b5 3. Bg2 Bb7 4. d4 e6 5. Bg5 Be7 6. Qd3 a6 7. Nbd2 d5 8. c3 Nbd7 9. Bxf6 Nxf6 10. a4 b4 11. Nb3 c6 12. O-O O-O 13. Rfc1 a5 14. Ne5 Nd7 15. Nxd7 Qxd7 16. cxb4 Bxb4 17. Nc5 Qc7 18. Rc2 Bxc5 19. Rxc5 Qb6 20. Qc3 h5 21. Rc1 g6 22. e4 dxe4 23. Bxe4 Rfd8 24. Qe3 Qxb2 25. Rb1 Qxd4 26. Rxb7 Qxe3 27. fxe3 Rd2 28. Rxc6 Ra2 29. Rbc7 Rxa4 30. Rc4 Rxc4 31. Rxc4 Rb8 32. Kf2 Rb2+ 33. Rc2 Rb4 34. Kf3 a4 35. Ra2 Kg7 36. h4 Rc4 37. Bc2 a3 38. Ke2 Rg4 39. Kf3 Rc4 40. Bd3 Rc3 41. Ke2 Rb3 42. Bc2 Rc3 43. Kd2 Rc4 44. Bd1 Rc5 45. Rxa3 Rd5+ 46. Ke1 Re5 47. Bf3 Rc5 48. Kf2 Rc2+ 49. Be2 Rb2 50. Rc3 Rb7 51. Rc6 Ra7 52. Rb6 Kf6 53. Rb2 Rc7 54. Bf3 Ra7 55. Be4 Ke5 56. Kf3 Kf6 57. Rb7 Ra6 58. Bd3 Ra5 59. Bb5 Kg7 60. Be8 Rf5+ 61. Ke4 Rf2 62. Ra7 Kf8 63. Bb5 Rf1 64. Bxf1 1-0


[Site "https://www.chess.com"]

[Event "Titled Tuesday Blitz January 10 Early 2023"]
[White "Svidler, Peter"]
[Black "Demchenko, Anton"]
[WhiteFideId "4102142"]
[BlackFideId "4160258"]
[WhiteElo "2683"]
[BlackElo "2623"]
[Result "0-1"]
[Round "10"]
[TimeControl "180+2"]
[Date "2023.01.10"]
[WhiteClock "0:00:34"]
[BlackClock "0:00:01"]

1. e4 e5 2. Nf3 Nc6 3. Bb5 a6 4. Ba4 Nge7 5. c3 Ng6 6. d4 exd4 7. cxd4 Bb4+ 8. Bd2 O-O 9. Bxb4 Nxb4 10. a3 Nc6 11. Nc3 d6 12. h3 Nce7 13. Bb3 Be6 14. Bxe6 fxe6 15. Ng5 Qd7 16. Qg4 Rf6 17. O-O h6 18. Nf3 Raf8 19. Rae1 Nf4 20. Nh4 g5 21. g3 Kh7 22. e5 h5 23. Qd1 Nxh3+ 24. Kg2 Rxf2+ 25. Rxf2 Rxf2+ 26. Kh1 Qe8 27. exd6 cxd6 28. Rxe6 gxh4 29. Ne4 Qf7 30. Qd3 Kg7 0-1


[Site "https://www.chess.com"]